 Dungeon Crawl Stone Soup version 0.31-a0-851-g7ff8af7976 (webtiles) character file.

Game seed: 3358549850227877652

148 Lucash the Shooter (level 5, -2/26 HPs)
             Began as a Spriggan Hunter on Oct 7, 2023.
             Was an Initiate of Ru.
             Slain by a gnoll
             ... wielding a +0 spear
             ... led by a gnoll bouda
              (8 damage)
             ... on level 4 of the Dungeon.
             The game lasted 00:38:30 (2292 turns).

Lucash the Shooter (Spriggan Hunter)                Turns: 2292, Time: 00:38:34

Health: -2/26      AC:  2    Str:  6 (7)  XL:     5   Next: 8%
Magic:  6/6        EV: 19    Int: 11      God:    Ru [......]
Gold:   95         SH:  0    Dex: 25 (26) Spells: 4/4 levels left

rFire   . . .        j - +4 hand axe of Conflict {flame, rN+}
rCold   . . .        (no shield)
rNeg    + . .        c - +0 robe
rPois   .            (helmet restricted)
rElec   .            (no cloak)
rCorr   .            (gloves unavailable)
SInv    +            (boots unavailable)
Will    .....        (no amulet)
Stlth   +++          o - +6 ring of dexterity
HPRegen 0.24/turn    (no ring)
MPRegen 0.10/turn

%: no passive effects
@: very quick
A: very small, no large weapons, unfitting armour, see invisible, speed 3
a: Renounce Religion, Sacrifice Courage, Sacrifice Essence, Sacrifice a Hand,
Reject Sacrifices


You were on level 4 of the Dungeon.
You worshipped Ru.
Ru was noncommittal.
You visited 1 branch of the dungeon, and saw 4 of its levels.

You collected 195 gold pieces.
You spent 100 gold pieces at shops.

Inventory:

Hand Weapons
 a - a +0 shortbow
 g - a +0 club
 j - the +4 hand axe of Conflict (weapon) {flame, rN+}
   (You found it on level 2 of the Dungeon)

   rN+:       It protects you from negative energy.
 u - a +0 sling
Missiles
 d - 27 stones
Armour
 c - a +0 robe (worn)
 p - a +0 robe
Jewellery
 o - a +6 ring of dexterity (left hand)
Talismans
 i - a beast talisman
Scrolls
 b - a scroll of butterflies
 e - 3 scrolls of fog
 l - a scroll of blinking
 m - a scroll of silence
 n - a scroll of teleportation
 q - a scroll of enchant armour {unknown}
 t - a scroll of amnesia {unknown}
 v - a scroll of torment {unknown}
 w - a scroll of identify
Potions
 f - a potion of degeneration
 h - 3 potions of heal wounds
 k - 2 potions of enlightenment
 r - a potion of magic
 s - a potion of attraction {unknown}


   Skills:
 + Level 2.1 Fighting
 + Level 0.8 Axes
 + Level 5.7 Ranged Weapons
 + Level 3.1 Dodging
 + Level 2.1 Stealth


You had 4 spell levels left.
You didn't know any spells.
Your spell library contained the following spells:

 Spells                   Type           Power      Damage    Failure   Level
 Wereblood                Tmut           0%         N/A       47%         2
 Irradiate                Conj/Tmut      0%         3d11      100%        5


Dungeon Overview and Level Annotations

Branches:
Dungeon (4/15)
 Temple: D:4-7

Altars:
Ru

Shops:
D:2 *


Innate Abilities, Weirdness & Mutations

You are very small and have problems with some larger weapons.
You are too small for most types of armour.
You have supernaturally acute eyesight. (SInv)
You cover ground extremely quickly. (Speed+++)


Message History

The gnoll bouda closely misses you.
You hit the gnoll bouda. You burn the gnoll bouda.
Your punch misses the gnoll bouda.
The gnoll bouda is severely wounded.
The gnoll is no longer moving quickly.
The gnoll completely misses you. The gnoll bouda closely misses you.
You hit the gnoll bouda but do no damage.
The gnoll bouda is severely wounded.
The gnoll is no longer moving quickly.
The gnoll completely misses you.
The gnoll bouda gazes fiercely through you!
You feel your attacks grow feeble.
The gnoll bouda misses you. x2; The gnoll misses you.
You hit the gnoll bouda. You burn the gnoll bouda.
You kill the gnoll bouda!
The gnoll closely misses you.
A goblin comes into view. It is wielding a +0 dagger.
You feel your dexterity returning.
You have reached level 5!
You feel clever. The gnoll completely misses you.
You closely miss the gnoll.
The gnoll is no longer moving quickly.
The gnoll completely misses you. The gnoll misses you.
The goblin shouts!
You hit the gnoll but do no damage. You miss the adder.
Your attacks no longer feel as feeble.
The adder barely misses you. The gnoll misses you. x2
The orc closely misses you. The adder closely misses you.
You slash the gnoll! You burn the gnoll.
The gnoll is almost dead.
You closely miss the adder. The gnoll misses you. The gnoll closely misses you.
The adder misses you. The orc barely misses you.
The gnoll hits you with a +0 spear. The gnoll misses you. The adder misses you.
You hit the gnoll. You burn the gnoll.
You kill the gnoll!
You closely miss the adder.
The orc hits you from afar with a +0 trident!
* * * LOW HITPOINT WARNING * * *
The adder closely misses you.
The gnoll hits you from afar with a +0 spear!
You die...

... .... #....
..... ..####
......
.....######o.....
#.....@Sgg.#
#.....)###..#
......####<#
...#. #..# # #
##.# .. ... ....
.....


You could see 2 gnolls, an adder and an orc.

Vanquished Creatures
  A gnoll bouda (D:4)
  An iguana (D:3)
  3 gnolls
  2 adders (D:2)
  2 dart slugs
  4 ball pythons
  4 endoplasms (D:2)
  A giant cockroach (D:2)
  4 hobgoblins
  3 jackals (D:2)
  4 quokkas (D:2)
  7 bats
  A frilled lizard (D:2)
  8 goblins
  2 kobolds
  5 rats
52 creatures vanquished.

Notes
Turn   | Place    | Note
-------+----------+-------------------------------------------
     0 | D:1      | Lucash the Spriggan Hunter began the quest for the Orb.
     0 | D:1      | Reached XP level 1. HP: 10/10 MP: 2/2
   514 | D:1      | Reached XP level 2. HP: 15/15 MP: 3/3
   605 | D:1      | You fall into a shaft and drop 1 floor!
   611 | D:2      | Found Tocacoilay's General Store.
   626 | D:2      | Bought 2 potions of heal wounds for 100 gold pieces
   727 | D:2      | Reached XP level 3. HP: 18/18 MP: 4/4
   761 | D:2      | Identified the +4 hand axe of Conflict {flame, rN+}
  1129 | D:2      | Reached skill level 5 in Ranged Weapons
  1396 | D:2      | Reached XP level 4. HP: 23/23 MP: 5/5
  2097 | D:3      | Found a faded altar of an unknown god.
  2121 | D:3      | Prayed at the altar of an unknown god.
  2121 | D:3      | Became a worshipper of Ru the Awakened
  2288 | D:4      | Reached XP level 5. HP: 15/26 MP: 6/6
  2292 | D:4      | Slain by a gnoll

Illustrated notes

Levels and vault maps discovered:
D:1:      kilobyte_arrival_exit_the_forest, layout_rooms
D:2:      minmay_recursive_quarters, layout_basic, serial_shops,
          nicolae_shop_hallway_stairs, nicolae_underground_beach
D:3:      layout_loops_ring, hellmonk_ecumenical_altar_pennies_from_heaven
D:4:      layout_rooms, grunt_temple_overflow_open, serial_shops, shop

Skill      XL: |  1  2  3  4 |
---------------+-------------+-----
Fighting       | 2 |  2.1
Stealth        | 2 |  2.1
Ranged Weapons | 5 |  5.7
Dodging        | 3 |  3.1
Axes           | |  0.8

Action                     |  1- 3 |  4- 6 || total
---------------------------+-------+-------++-------
  Melee: Hand axe          |    17 |    12 ||    29
   Fire: Shortbow          |    85 |    39 ||   124
    Use: Scroll            |     4 |     2 ||     6
         Potion            |     4 |       ||     4
 Armour: Robe              |     9 |    11 ||    20
  Dodge: Dodged            |    36 |    41 ||    77

Table legend: (Time is in decaauts)
 A = Elapsed time spent in this place.
 B = Non-inter-level travel time spent in this place.
 C = Inter-level travel time spent in this place.
 D = Time resting spent in this place.
 E = Time spent auto-exploring this place.
 F = Levels seen in this place.
 G = Mean time per level.
                   A        B        C        D        E       F      G
               +--------+--------+--------+--------+--------+-----+--------+
         Total |   1583 |   1583 |      0 |    204 |      0 |   4 |  395.8 |
       Dungeon |   1583 |   1583 |      0 |    204 |      0 |   4 |  395.8 |
               +--------+--------+--------+--------+--------+-----+--------+

Top non-repeatable levels by time:
     D:2: 573 daAuts
     D:1: 519 daAuts
     D:3: 465 daAuts
     D:4: 25 daAuts
